 Dungeon Crawl Stone Soup version 0.25-a0-346-g140ab784a8 (webtiles) character file.

Game seed: 10354811401875043491, levelgen mode: deterministic

58 night the Caller (level 4, -1/33 HPs)
             Began as a Merfolk Summoner on Dec 31, 2019.
             Slain by a gnoll
             ... wielding a +0 halberd
              (7 damage)
             ... on level 2 of the Dungeon.
             The game lasted 00:06:14 (2052 turns).

night the Caller (Merfolk Summoner)                 Turns: 2052, Time: 00:06:15

Health: -1/33      AC:  5    Str:  7 (8)  XL:     4   Next: 1%
Magic:  3/8        EV: 12    Int: 14 (15) God:
Gold:   90         SH:  0    Dex: 13 (14) Spells: 5/8 levels left

rFire    . . .     SeeInvis .   t - +0 short sword
rCold    + . .     Gourm    .   (no shield)
rNeg     . . .     Faith    .   s - +0 leather armour (curse)
rPois    .         Spirit   .   (no helmet)
rElec    .         Reflect  .   (no cloak)
rCorr    .         Harm     .   (no gloves)
MR       +....                  (no boots)
Stlth    ++........             (no amulet)
HPRegen  0.11/turn              o - ring of flight
MPRegen  0.11/turn              b - ring of protection from cold

@: no status effects
A: change form in water, swift swim, stealthy swim, icy blue scales 1, magic
resistance 1, subdued magic 1
a: Evoke Flight


You were on level 2 of the Dungeon.
You were not hungry.

You visited 1 branch of the dungeon, and saw 2 of its levels.

You collected 90 gold pieces.

Inventory:

Hand Weapons
 j - a +0 whip
 k - a +0 dagger
 p - a +0 spear
 t - a +0 short sword (weapon)
Missiles
 e - 10 poisoned darts (quivered)
 v - 19 arrows
Armour
 a - a +0 robe
 m - a +0 scale mail
 s - a cursed +0 leather armour (worn)
Jewellery
 b - a ring of protection from cold (right hand)
 h - an uncursed ring of resist corrosion
 o - a ring of flight (left hand)
Scrolls
 d - 7 scrolls of identify {unknown}
 g - 2 scrolls of amnesia {unknown}
 i - a scroll of noise {unknown}
 l - a scroll of random uselessness {unknown}
 q - a scroll of remove curse {unknown}
 u - a scroll of enchant armour {unknown}
Potions
 n - a potion of curing {unknown}
Comestibles
 c - 3 rations
 f - a chunk of flesh


   Skills:
 + Level 1.7 Fighting
 - Level 2.6 Dodging
 - Level 2.1 Stealth
 + Level 2.7 Spellcasting
 + Level 4.6 Summonings


You had 5 spell levels left.
You knew the following spells:

 Your Spells              Type           Power        Failure   Level  Hunger
a - Summon Small Mammal   Summ           ##..         3%          1    #......
b - Call Imp              Summ           ##......     6%          2    ###....

Your spell library contained the following spells:

 Spells                   Type           Power        Failure   Level  Hunger
 Call Canine Familiar     Summ           ##......     13%         3    ###....
 Summon Guardian Golem    Hex/Summ       #.......     32%         3    ###....
 Summon Ice Beast         Ice/Summ       #.......     73%         4    #####..
 Summon Lightning Spire   Summ/Air       #.......     73%         4    #####..


Dungeon Overview and Level Annotations

Branches:
Dungeon (2/15)

Altars:


Innate Abilities, Weirdness & Mutations

You revert to your normal form in water.
You are very nimble and swift while swimming.
You are very stealthy in the water. (Stealth+)
You are partially covered in icy blue scales. (AC +2)
You are resistant to hostile enchantments. (MR+)
Your spells are a little easier to cast, but a little less powerful.


Message History

A rat comes into view.
A gnoll comes into view. It is wielding a +0 halberd.
The gnoll hits you from afar with a +0 spear!
* * * LOW HITPOINT WARNING * * *
Your crimson imp blinks!
Your white imp barely misses the gnoll.
You see here a bat skeleton.
Your white imp barely misses the gnoll.
Your white imp gestures at the gnoll.
The puff of frost hits the gnoll!
The gnoll hits your white imp but does no damage.
The gnoll hits your white imp but does no damage.
Your white imp gestures at the gnoll.
The puff of frost hits the gnoll!
The gnoll dies!
You have reached level 4!
A gnoll comes into view. It is wielding a +0 spear.
A gnoll comes into view. It is wielding a +0 spear.
The gnoll hits you from afar with a +0 halberd!
You die...

.. .g. ..##..
.....g#########...
###
##>............
...
#.......####...
### #....5.)#
.......gr5#
###..§.##@###
#....##...#
#.#.###...# ..#.
#...#
###...########
#............#
#..÷.........#
#............#
###.#........#


You could see 3 gnolls, a rat, a friendly crimson imp and a friendly white imp.

Vanquished Creatures
  An adder (D:2)
  A worm (D:2)
  A dart slug (D:2)
  2 leopard geckos
  A giant cockroach (D:1)
  A goblin (D:1)
  A hobgoblin (D:1)
  5 jackals
  A kobold (D:2)
  A quokka (D:2)
  2 bats (D:1)
  2 frilled lizards (D:2)
  A rat (D:1)
20 creatures vanquished.

Vanquished Creatures (collateral kills)
  A gnoll (D:2)
  A worm (D:2)
  A dart slug (D:1)
  A leopard gecko (D:1)
  2 bats
  2 giant cockroaches (D:1)
  A goblin (D:1)
  3 hobgoblins
  7 jackals
  2 frilled lizards (D:2)
  4 kobolds
  A rat (D:2)
26 creatures vanquished.

Grand Total: 46 creatures vanquished

Notes
Turn   | Place    | Note
-------+----------+-------------------------------------------
     0 | D:1      | night the Merfolk Summoner began the quest for the Orb.
     0 | D:1      | Reached XP level 1. HP: 13/13 MP: 3/3
   630 | D:1      | Reached XP level 2. HP: 16/19 MP: 1/5
   861 | D:1      | Learned a level 2 spell: Call Imp
  1225 | D:1      | Reached skill level 1 in Fighting
  1375 | D:1      | Reached XP level 3. HP: 26/26 MP: 6/6
  1987 | D:2      | Gained mutation: You are partially covered in icy blue
                  | scales. (AC +2) [potion of mutation]
  1987 | D:2      | Gained mutation: Your spells are a little easier to cast,
                  | but a little less powerful. [potion of mutation]
  1987 | D:2      | Gained mutation: You are resistant to hostile enchantments.
                  | (MR+) [potion of mutation]
  2049 | D:2      | Reached XP level 4. HP: 6/33 MP: 3/8
  2052 | D:2      | Slain by a gnoll

Levels and vault maps discovered:
D:1:      wheals_arrival_linesprint, layout_basic
D:2:      layout_basic

Skill      XL: |  1  2 |
---------------+-------+-----
Fighting       | 1 |  1.7
Dodging        | |  2.6
Stealth        | |  2.1
Spellcasting   | |  2.7
Summonings     | |  4.6

Action                   |  1- 3 |  4- 6 || total
-------------------------+-------+-------++-------
Melee: Unarmed           |    43 |       ||    43
       Dagger            |    33 |       ||    33
       Whip              |     5 |       ||     5
       Short sword       |    24 |       ||    24
Throw: Dart              |    21 |       ||    21
 Cast: Summon Small Mamm |    21 |       ||    21
       Call Imp          |    17 |       ||    17
  Use: Potion            |     3 |       ||     3
 Stab: Sleeping          |     3 |       ||     3
  Eat: Chunk             |     5 |       ||     5
Armor: Robe              |    19 |       ||    19
       Leather armour    |    13 |       ||    13
Dodge: Dodged            |    97 |       ||    97

Table legend:
 A = Non-vault XP
 B = Vault XP
 C = Vault XP percentage of total XP
 D = Non-vault monster count
 E = Vault monster count
 F = Vault count percentage of total count
                 A         B        C        D         E       F
            +---------+---------+-------+---------+---------+-------
      Total |      83 |       0 |   0.0 |      46 |       0 |   0.0
            +---------+---------+-------+---------+---------+-------
        D:1 |      36 |       0 |   0.0 |      26 |       0 |   0.0
        D:2 |      47 |       0 |   0.0 |      20 |       0 |   0.0
            +---------+---------+-------+---------+---------+-------
